 Dungeon Crawl Stone Soup version 0.31.0-11-ge490571c62 (webtiles) character file.

Game seed: 5808417721931427494

9369 Gadfly the Apothecary (level 11, -7/93 (97) HPs)
             Began as a Naga Alchemist on Feb 1, 2024.
             Was an Elder of Vehumet.
             Hit by a silver javelin thrown by a minotaur (34 damage)
             ... in a Gauntlet.
             The game lasted 00:37:04 (13325 turns).

Gadfly the Apothecary (Naga Alchemist)             Turns: 13325, Time: 00:37:05

HP:   -7/93 (97)    AC: 15    Str: 13    XL:     11   Next: 45%
MP:   12/22         EV: 17    Int: 21    God:    Vehumet [****..]
Gold: 453           SH:  0    Dex: 11    Spells: 4/24 levels left

rFire   + . .        a - staff of alchemy
rCold   + . .        F - orb {*channel}
rNeg    + + .        E - +0 robe {Will+}
rPois   +            j - +2 helmet of the Known World {*Corrode rC+ rN++ Int+3}
rElec   .            C - +2 cloak
rCorr   .            n - +0 pair of gloves
SInv    +            (no barding)
Will    ++...        l - amulet of faith
Stlth   ++           M - +5 ring of evasion
HPRegen 0.35/turn    m - +4 ring of protection
MPRegen 0.18/turn

%: no teleportation, corrode self (3%), faith, channel magic (20%)
@: lightly drained, very slow
A: AC +3, large, see invisible, deformed body, poison resistance, slowness 2,
spit poison 2, naga tail 1, fire resistance 1
a: Breathe Poison Gas, Renounce Religion


You were in a Gauntlet.
You worshipped Vehumet.
Vehumet was greatly pleased with you.
You visited 1 branch of the dungeon, and saw 11 of its levels.
You also visited: Gauntlet.

You collected 453 gold pieces.

Inventory:

Hand Weapons
 b - the +6 long sword of Winter {spect, *Noise rF+ Dex+3 SInv}
   (You found it on level 2 of the Dungeon)

   Dex+3:     It affects your dexterity (+3).
   rF+:       It protects you from fire.
   SInv:      It lets you see invisible.
   *Noise:    It may make a loud noise when swung.
 g - a +5 falchion
Missiles
 G - a throwing net
Armour
 e - a +1 helmet
 j - the +2 helmet of the Known World (worn) {*Corrode rC+ rN++ Int+3}
   (You took it off Robin on level 4 of the Dungeon)

   Int+3:     It affects your intelligence (+3).
   rC+:       It protects you from cold.
   rN++:      It greatly protects you from negative energy.
   *Corrode:  It may corrode you when you take damage.
 n - a +0 pair of gloves (worn)
 C - a +2 cloak (worn)
 E - a +0 robe of willpower (worn)
 F - an orb of energy (worn)
Magical Staves
 a - a staff of alchemy (weapon)
 q - a staff of conjuration
 s - a staff of fire
Jewellery
 d - a ring of flight
 h - an amulet of magic regeneration
 l - an amulet of faith (around neck)
 m - a +4 ring of protection (right hand)
 p - the ring "Zatekh" {rN+ Int+3}
   (You found it in a Gauntlet)

   [ring of positive energy]

   Int+3:     It affects your intelligence (+3).
   rN+:       It protects you from negative energy.
 t - an amulet of reflection
 w - a ring of resist corrosion
 A - a ring of positive energy
 M - a +5 ring of evasion (left hand)
Wands
 x - a wand of flame (23)
 B - a wand of polymorph (11)
 D - a wand of iceblast (5)
Scrolls
 c - a scroll of poison
 k - a scroll of fog
 o - 2 scrolls of teleportation
 r - a scroll of fear
 u - a scroll of summoning
 v - 2 scrolls of revelation
 y - a scroll of amnesia
 H - a scroll of silence
 J - a scroll of immolation
Potions
 f - 2 potions of magic
 i - 3 potions of resistance
 z - a potion of brilliance
 I - 3 potions of lignification
 K - a potion of haste
 L - a potion of might


   Skills:
 + Level 6.1 Fighting
 * Level 7.1 Dodging
 - Level 3.0 Stealth
 * Level 7.3 Spellcasting
 + Level 6.6 Conjurations
 * Level 5.1 Fire Magic
 + Level 7.8 Alchemy
 + Level 6.2 Evocations


You had 4 spell levels left.
You knew the following spells:

 Your Spells              Type           Power      Damage    Failure   Level
a - Sting                 Conj/Alch      100%       1d9       1%          1
b - Mephitic Cloud        Conj/Alch/Air  42%        N/A       3%          3
c - Mercury Vapours       Alch/Air       72%        N/A       2%          2
d - Olgreb's Toxic Radia  Alch           57%        N/A       3%          4
e - Sticky Flame          Fire/Alch      51%        2d9       4%          4
f - Searing Ray           Conj           70%        2d7       1%          2
g - Ignite Poison         Fire/Alch      51%        N/A       4%          4

Your spell library contained the following spells:

 Spells                   Type           Power      Damage    Failure   Level
 Frozen Ramparts          Ice            14%        1d3       14%         3
 Summon Small Mammal      Summ           28%        N/A       22%         1
 Call Canine Familiar     Summ           7%         N/A       47%         3
 Summon Blazeheart Golem  Fire/Summ      18%        N/A       52%         4
 Anguish                  Hex/Necr       3%         N/A       82%         4
 Cause Fear               Hex            3%         N/A       82%         4
 Iskenderun's Battlesphe  Conj           35%        2d9       10%         5
 Bombard                  Conj/Erth      10%        9d3       75%         6
 Spellforged Servitor     Conj/Summ      10%        N/A       99%         7
 Enfeeble                 Hex            3%         N/A       100%        7


Dungeon Overview and Level Annotations

Branches:
Dungeon (11/15)            Temple (0/1) D:7            Lair (0/5) D:10
    Orc (0/2) D:9         Gauntlet (1/1)

Altars:
Cheibriados
Ru
Vehumet

Annotations:
Gauntlet 8 transporters, exclusion: 2 lightning spires


Innate Abilities, Weirdness & Mutations

Your serpentine skin is tough. (AC +3)
You have supernaturally acute eyesight. (SInv)
Armour fits poorly on your strangely shaped body.
Your system is resistant to poisons. (rPois)
You cover ground very slowly.
You can exhale a cloud of poison.
You have a snake-like lower body.
Your flesh is heat resistant. (rF+)


Message History

The minotaur gores the minotaur zombie!
The minotaur is engulfed in noxious fumes.
Okay, then.
The minotaur hits something with the +7 spear of Armageddon {elec, *Corrode Dex+4 Stlth+}!!
The minotaur gores something!
Casting: Mephitic Cloud (mildly dangerous; 3% risk of failure)
Confirm with . or Enter, or press ? or * to list all spells.
You feel a surge of power!
You begin to radiate toxic energy.
The minotaur is poisoned.
Unknown command.
Casting: Olgreb's Toxic Radiance (dangerous; 3% risk of failure)
Confirm with . or Enter, or press ? or * to list all spells.
You feel a surge of power!
You ignite the poison in your surroundings!
The minotaur seems to burn from within!!
The minotaur is heavily wounded.
Magical energy flows into your mind!
The minotaur is poisoned.
Your toxic aura wanes.
The minotaur is engulfed in blazing flames.
Casting: Ignite Poison (dangerous; 4% risk of failure)
Confirm with . or Enter, or press ? or * to list all spells.
You feel a surge of power!
You ignite the poison in your surroundings!
The minotaur seems to burn from within!
The minotaur is almost dead.
The minotaur seems less confused.
The minotaur unwields the +7 spear of Armageddon {elec, *Corrode Dex+4 Stlth+}.
It stops crackling.
The minotaur wields the +6 shortbow of Deddih {flame, Str+5}.
It bursts into flame!
The minotaur shoots an arrow.
The arrow hits you! The arrow burns you.
* * * LOW HITPOINT WARNING * * *
Aiming: Iceblast
Press: ? - help, Shift-Dir - straight line, f/p - minotaur
Aim: a minotaur, wielding the +6 shortbow of Deddih {flame, Str+5}, wearing the +7 chain mail of Vekhenki {Will+} and quivering silver javelins (almost dead)
The mass of ice explodes!
The iceblast engulfs the minotaur.
The minotaur is almost dead.
The minotaur throws a silver javelin.
The silver javelin pierces through you!!
You die...

#..#..##..#...≈#
#..##..#.4#...##
#..#..##.2#...≈#
#...#..4..#...##
###########...≈#
..............##########
.....8.....8.####.##...#
.............≈##..##.#.#
.#########...##.@.HZ.#.#
.#8......#...#....##.#.#
##.##^8.[#...#.8©.##...#
.#.##.^..#...#....##.#.#
©#..©###©#.8.#.8©....#.'.
.#...###(#...#....##.#.##∩.
##.#.###|#...#.8©.##...#
.⌠.
.#h......#...#....##.#.# +#
.#########...##......#.#


You could see a minotaur and a minotaur zombie.

Vanquished Creatures
  A two-headed ogre (D:8)
  Pikel (D:7)
  A cyclops (D:11)
  Joseph (D:7)
  An unseen horror (D:10)
  Jeremiah (D:7)
  A kobold demonologist (D:10)
  Psyche (D:10)
  3 red devils (D:8)
  Grinder (D:3)
  2 trolls (D:10)
  Sigmund (D:4)
  2 wraiths
  4 yaks (D:10)
  A steam dragon (D:9)
  2 water moccasins
  Duvessa (D:5)
  An ice beast (D:7)
  3 orc warriors
  A black bear (D:4)
  2 sky beasts
  2 laughing skulls (Gauntlet)
  3 wolves (D:10)
  2 centaurs
  A phantom (D:5)
  A weeping skull (Gauntlet)
  3 kobold brigands
  A gnoll sergeant (D:10)
  A scorpion (D:7)
  4 bullfrogs
  8 wights
  Dowan (D:5)
  5 killer bees (D:8)
  4 howler monkeys (D:9)
  2 bombardier beetles (D:5)
  7 hounds
  7 orc priests
  4 iguanas
  Ijyb (D:5)
  A sleepcap (D:7)
  6 orc wizards
  Robin (D:4)
  10 gnolls
  8 adders
  A shadow imp (D:6)
  2 white imps
  2 ufetubi (D:5)
  2 ribbon worms
  2 dart slugs
  34 orcs
  9 ball pythons
  7 endoplasms
  8 giant cockroaches
  13 goblins
  6 hobgoblins
  A quokka (D:3)
  4 bats
  3 frilled lizards
  24 kobolds
  4 rats (D:2)
237 creatures vanquished.

Notes
Turn   | Place    | Note
-------+----------+-------------------------------------------
     0 | D:1      | Gadfly the Naga Alchemist began the quest for the Orb.
     0 | D:1      | Reached XP level 1. HP: 15/15 MP: 3/3
    91 | D:1      | Reached XP level 2. HP: 14/22 MP: 1/5
   542 | D:1      | Reached skill level 1 in Evocations
   572 | D:1      | Identified a scroll of acquirement
   572 | D:1      | Acquired a staff of alchemy
   749 | D:1      | Reached XP level 3. HP: 30/30 MP: 4/6
   758 | D:1      | Learned a level 3 spell: Mephitic Cloud
   761 | D:1      | Learned a level 2 spell: Mercury Vapours
  1134 | D:2      | Identified the +6 long sword of Winter {spect, *Noise rF+
                  | Dex+3 SInv}
  1267 | D:2      | Reached skill level 1 in Fighting
  1267 | D:2      | Reached XP level 4. HP: 38/38 MP: 4/7
  2088 | D:3      | Reached XP level 5. HP: 44/44 MP: 7/9
  2730 | D:3      | Found a radiant altar of Vehumet.
  2995 | D:3      | Became a worshipper of Vehumet
  3122 | D:4      | Found a snail-covered altar of Cheibriados.
  3129 | D:4      | Found a sacrificial altar of Ru.
  3473 | D:4      | Noticed a black bear
  3480 | D:4      | Killed a black bear
  3481 | D:4      | Reached XP level 6. HP: 48/52 MP: 3/10
  3486 | D:4      | Learned a level 4 spell: Olgreb's Toxic Radiance
  3562 | D:4      | Noticed Sigmund
  3570 | D:4      | Noticed Grinder
  3575 | D:4      | Killed Sigmund
  3576 | D:4      | Reached XP level 7. HP: 42/60 MP: 3/11
  3669 | D:3      | Gained mutation: You can exhale a cloud of poison. [potion
                  | of mutation]
  3669 | D:3      | Gained mutation: Your flesh is heat resistant. (rF+)
                  | [potion of mutation]
  3689 | D:3      | Killed Grinder
  3853 | D:4      | Identified the +2 helmet of the Known World {*Corrode rC+
                  | rN++ Int+3}
  3853 | D:4      | Noticed Robin
  3865 | D:4      | Killed Robin
  3900 | D:4      | Reached * piety under Vehumet
  3900 | D:4      | Offered knowledge of Freeze by Vehumet.
  4758 | D:5      | Entered Level 5 of the Dungeon
  4892 | D:5      | Reached skill level 5 in Alchemy
  4952 | D:5      | Reached XP level 8. HP: 68/68 MP: 10/13
  5247 | D:5      | Noticed Duvessa
  5248 | D:5      | Noticed Dowan
  5248 | D:5      | Noticed Ijyb
  5253 | D:5      | Killed Dowan
  5267 | D:5      | Killed Duvessa
  5267 | D:5      | Killed Ijyb
  5819 | D:5      | Learned a level 4 spell: Sticky Flame
  6762 | D:7      | Offered knowledge of Static Discharge by Vehumet.
  6937 | D:7      | Reached ** piety under Vehumet
  7068 | D:7      | Noticed Pikel
  7078 | D:7      | Killed Pikel
  7079 | D:7      | Reached XP level 9. HP: 57/78 MP: 5/15
  7386 | D:7      | Reached skill level 5 in Conjurations
  7390 | D:7      | Identified the +2 short sword "Fuirphug" {vamp, rPois rC+}
  7539 | D:7      | Reached skill level 5 in Dodging
  7594 | D:7      | Found a staircase to the Ecumenical Temple.
  7609 | D:7      | Noticed Jeremiah
  7619 | D:7      | Reached skill level 5 in Spellcasting
  7666 | D:7      | Killed Jeremiah
  7881 | D:7      | Noticed Joseph
  7929 | D:7      | Killed Joseph
  7930 | D:7      | Reached skill level 5 in Evocations
  8103 | D:7      | Offered knowledge of Searing Ray by Vehumet.
  8306 | D:7      | Learned a level 2 spell: Searing Ray
  8556 | D:8      | Noticed a red devil
  8566 | D:8      | Noticed a two-headed ogre
  8570 | D:8      | Killed a red devil
  8571 | D:8      | Reached skill level 1 in Fire Magic
  8571 | D:8      | Reached XP level 10. HP: 67/87 MP: 5/18
  9158 | D:8      | Reached skill level 5 in Fighting
  9764 | D:8      | Killed a two-headed ogre
  9764 | D:8      | Reached *** piety under Vehumet
 10732 | D:9      | Offered knowledge of Ignite Poison by Vehumet.
 10743 | D:9      | Learned a level 4 spell: Ignite Poison
 11210 | D:9      | Identified the -1 helmet of Pessimism {rElec rC- Dex+4
                  | SInv}
 11223 | D:9      | Reached **** piety under Vehumet
 11312 | D:9      | Found a staircase to the Orcish Mines.
 11442 | D:10     | Entered Level 10 of the Dungeon
 11510 | D:10     | Offered knowledge of Frozen Ramparts by Vehumet.
 11554 | D:10     | Reached XP level 11. HP: 97/97 MP: 13/21
 11707 | D:10     | Noticed Psyche
 11711 | D:10     | Killed Psyche
 11818 | D:10     | Found a staircase to the Lair.
 12360 | D:11     | Found a gate leading to a gauntlet.
 12366 | D:11     | Noticed a cyclops
 12373 | D:11     | Killed a cyclops
 12374 | D:11     | Reached skill level 5 in Fire Magic
 12458 | Gauntlet | Entered a Gauntlet
 12458 | Gauntlet | Found a transporter.
 12463 | Gauntlet | Noticed a moth of wrath
 12468 | Gauntlet | Noticed a wolf spider
 12493 | Gauntlet | Found a transporter.
 12509 | Gauntlet | Found a transporter.
 12513 | Gauntlet | Found a transporter.
 12533 | Gauntlet | Found a transporter.
 12537 | Gauntlet | Noticed a green death
 12544 | Gauntlet | Noticed a lightning spire
 12546 | Gauntlet | Found a transporter.
 12559 | Gauntlet | Found a transporter.
 12562 | Gauntlet | Noticed a death scarab
 12563 | Gauntlet | Noticed a death scarab
 12581 | Gauntlet | Found a transporter.
 12583 | Gauntlet | Found a transporter.
 12586 | Gauntlet | Noticed a sixfirhy
 12586 | Gauntlet | Noticed a sixfirhy
 12592 | Gauntlet | Found a transporter.
 12615 | Gauntlet | Found a transporter.
 12619 | Gauntlet | Found a transporter.
 12645 | Gauntlet | Noticed a lightning spire
 13287 | Gauntlet | Identified the ring "Zatekh" {rN+ Int+3}
 13311 | Gauntlet | Identified the +6 shortbow of Deddih {flame, Str+5}
 13311 | Gauntlet | Identified the +7 spear of Armageddon {elec, *Corrode Dex+4
                  | Stlth+}
 13311 | Gauntlet | Identified the +7 chain mail of Vekhenki {Will+}
 13311 | Gauntlet | Noticed a minotaur
 13325 | Gauntlet | Hit by a silver javelin thrown by a minotaur

Illustrated notes

Levels and vault maps discovered:
D:1:      dpeg_arrival_round_a, layout_basic
D:2:      layout_rooms, palyth_stone_intersect, minmay_heptomino_h4
D:3:      layout_basic, lemuel_doored_altar, nicolae_grassy_gnolls
D:4:      layout_layer_cave, amethyst_overflow_temple_binary,
          due_unseen_surprise, uniq_sigmund, uniq_grinder, uniq_robin
D:5:      layout_loops_cross, uniq_duvessa, uniq_ijyb
D:6:      layout_basic
D:7:      layout_basic, minmay_temple_entry_overgrown, uniq_joseph, uniq_pikel,
          uniq_jeremiah
D:8:      layout_gridville, einodemon_armed_red_devil_minivault
D:9:      layout_big_octagon, minmay_orc_entry_temple_small
D:10:     layout_cave_pools, erik_lair_island, serial_column_ruins,
          column_ruins_hut, column_ruins_grid_1, column_ruins_grid_1,
          column_ruins_grid_2, column_ruins_grid_1, column_ruins_columns_plus,
          column_ruins_open_small, uniq_psyche
D:11:     layout_basic, gauntlet_entry_generic
Gauntlet: minmay_gauntlet_mixed_oops_all_seconds
          [minmay_gauntlet_arena_77_tiled_triplets,
          gammafunk_gauntlet_arena_open, minmay_gauntlet_arena_77_fan,
          gammafunk_gauntlet_arena_teeth, minmay_gauntlet_arena_77_block_sizes,
          gammafunk_gauntlet_arena_split_x, gauntlet_exit_hidden_loot]

Skill      XL: |  1  2  3  4  5  6  7  8  9 10 11 |
---------------+----------------------------------+-----
Evocations     | 1 2 3 4 5 6 |  6.2
Dodging        | 2 3 4 5 6 7 |  7.1
Fighting       | 1 2 4 5 6 |  6.1
Alchemy        | 4 5 6 7 |  7.8
Spellcasting   | 3 4 5 6 7 |  7.3
Conjurations   | 2 3 4 5 6 |  6.6
Fire Magic     | 1 4 5 |  5.1
Stealth        | |  3.0

Action                     |  1- 3 |  4- 6 |  7- 9 | 10-12 || total
---------------------------+-------+-------+-------+-------++-------
  Melee: Unarmed           |     6 |       |       |       ||     6
         Short sword       |     5 |       |       |       ||     5
         Rapier            |    27 |       |       |       ||    27
         Staff             |    37 |    46 |    91 |    11 ||   185
         Punch             |     2 |     1 |     1 |       ||     4
         Long sword        |       |       |    26 |    30 ||    56
   Cast: Sting             |    35 |    85 |   171 |    57 ||   348
         Mercury Vapours   |     3 |     2 |    12 |     5 ||    22
         Mephitic Cloud    |       |       |     6 |     9 ||    15
         Olgreb's Toxic Ra |       |       |     9 |    25 ||    34
         Searing Ray       |       |       |     3 |    13 ||    16
         Ignite Poison     |       |       |       |    25 ||    25
         Sticky Flame      |       |       |       |    14 ||    14
Ability: Breathe Poison Ga |       |       |     1 |       ||     1
  Evoke: Wand              |       |       |     3 |     2 ||     5
    Use: Scroll            |     3 |     4 |     5 |     5 ||    17
         Potion            |     1 |     2 |     3 |     4 ||    10
   Stab: Sleeping          |     1 |       |     1 |       ||     2
         Confused          |       |       |       |     1 ||     1
 Armour: Robe              |    62 |    79 |   180 |   127 ||   448
         Skin              |       |       |       |    14 ||    14
  Dodge: Dodged            |    66 |    56 |   115 |   105 ||   342
